 Dungeon Crawl Stone Soup version 0.28-a0-1286-g6bde065e89 (webtiles) character file.

Game seed: 4715331583736388187

16550 rogsnak the Thaumaturge (level 12, 0/81 HPs)
             Began as a Demonspawn Air Elementalist on Dec 26, 2021.
             Was an Elder of Sif Muna.
             Slain by a white ugly thing (27 damage)
             ... on level 12 of the Dungeon.
             The game lasted 00:43:02 (19257 turns).

rogsnak the Thaumaturge (DsAE)                     Turns: 19257, Time: 00:43:03

Health: 0/81       AC:  9    Str: 11    XL:     12   Next: 11%
Magic:  23/36      EV: 14    Int: 20    God:    Sif Muna [****..]
Gold:   482        SH:  5    Dex: 19    Spells: 21/34 levels left

rFire   . . .      SeeInvis .   N - +2 dagger (elec)
rCold   . . .      Faith    .   S - +0 buckler
rNeg    . . .      Spirit   .   D - +2 robe {Archmagi}
rPois   .          Reflect  .   (helmet restricted)
rElec   .          Harm     .   (no cloak)
rCorr   .          Rampage  .   x - +0 pair of gloves
Will    .....      Archmagi +   s - +0 pair of boots
Stlth   ++........              M - amulet of magic regeneration
HPRegen 0.23/turn               o - ring of magical power
MPRegen 0.65/turn               T - +6 ring of dexterity

@: no status effects
A: horns 2, molten scales 2, demonic guardian 1, ignite blood 1, augmentation 1
a: Renounce Religion, Channel Magic, Forget Spell, Divine Exegesis


You were on level 12 of the Dungeon.
You worshipped Sif Muna.
Sif Muna was greatly pleased with you.
You visited 1 branch of the dungeon, and saw 13 of its levels.

You collected 815 gold pieces.
You spent 333 gold pieces at shops.

Inventory:

Hand Weapons
 b - a +2 dagger of venom
 c - the +4 battleaxe of Qem Hue {spect, Str+4}
   (You bought it in a shop on level 2 of the Dungeon)

   When its wielder attacks, the weapon's spirit leaps out and strikes again.
   The spirit shares a part of any damage it takes with its wielder.
   Str:       It affects your strength (+4).
 I - a +2 scimitar of flaming
 N - a +2 dagger of electrocution (weapon)
Missiles
 e - 2 atropa-tipped darts
 f - 107 poisoned darts
 g - a boomerang of dispersal
 F - 5 datura-tipped darts
 O - 3 curare-tipped darts
Armour
 s - a +0 pair of boots (worn)
 x - a +0 pair of gloves (worn)
 D - a +2 robe of the Archmagi (worn)
 E - the +1 robe "Kekhles" {rF+ SInv}
   (You found it on level 5 of the Dungeon)

   rF:        It protects you from fire.
   SInv:      It lets you see invisible.
 G - the +1 leather armour of Rotten Salvation {rPois rC++ Will+++ Int-4}
   (You found it on level 11 of the Dungeon)

   Int:       It affects your intelligence (-4).
   rC:        It greatly protects you from cold.
   rPois:     It protects you from poison.
   Will:      It greatly increases your willpower.
 S - a +0 buckler (worn)
 Y - +0 steam dragon scales
 Z - +0 acid dragon scales
Magical Staves
 a - a staff of poison
Jewellery
 o - a ring of magical power (left hand)
 M - an amulet of magic regeneration (around neck)
 T - a +6 ring of dexterity (right hand)
Wands
 t - a wand of iceblast (6)
 u - a wand of flame (12)
 v - a wand of polymorph (6)
 w - a wand of paralysis (17)
 J - a wand of acid (11)
 V - a wand of mindburst (13)
Scrolls
 d - 3 scrolls of vulnerability {unknown}
 j - 4 scrolls of blinking {unknown}
 k - 4 scrolls of teleportation {unknown}
 q - 3 scrolls of noise {unknown}
 r - 4 scrolls of magic mapping {unknown}
 y - 10 scrolls of identify {unknown}
 B - a scroll of immolation {unknown}
 C - a scroll of holy word {unknown}
 P - 3 scrolls of enchant armour {unknown}
 Q - 2 scrolls of fear {unknown}
 W - a scroll of brand weapon {unknown}
 X - a scroll of amnesia {unknown}
Potions
 h - 3 potions of curing {unknown}
 i - a potion of mutation {unknown}
 l - 5 potions of flight {unknown}
 m - 2 potions of lignification {unknown}
 n - a potion of brilliance {unknown}
 p - a potion of cancellation {unknown}
 z - 2 potions of haste {unknown}
 A - 4 potions of degeneration {unknown}
 H - 2 potions of attraction {unknown}
 K - a potion of magic {unknown}
 L - 2 potions of might {unknown}
 R - a potion of ambrosia {unknown}
 U - a potion of resistance {unknown}


   Skills:
 + Level 3.4 Fighting
 + Level 4.9 Dodging
 - Level 1.7 Stealth
 + Level 1.8 Shields
 + Level 11.7 Spellcasting
 + Level 8.0 Conjurations
 + Level 11.0 Air Magic
 + Level 0.5 Evocations


You had 21 spell levels left.
You knew the following spells:

 Your Spells              Type           Power      Damage    Failure   Level
a - Shock                 Conj/Air       100%       1d9       1%          1
b - Swiftness             Air            71%        N/A       1%          3
c - Airstrike             Air            35%        N/A       1%          4
d - Lightning Bolt        Conj/Air       33%        1d50      4%          5

Your spell library contained the following spells:

 Spells                   Type           Power      Damage    Failure   Level
 Corpse Rot               Necr/Air       100%       N/A       1%          2
 Poisonous Vapours        Pois/Air       100%       N/A       1%          2
 Static Discharge         Conj/Air       66%        N/A       1%          2
 Dazzling Flash           Conj/Hex       82%        N/A       4%          3
 Animate Skeleton         Necr           34%        N/A       8%          1
 Apportation              Tloc           34%        N/A       8%          1
 Summon Small Mammal      Summ           68%        N/A       8%          1
 Silence                  Hex/Air        25%        N/A       22%         5
 Agony                    Necr           17%        N/A       91%         5
 Maxwell's Capacitive Co  Air            35%        ∞         99%         8


Dungeon Overview and Level Annotations

Branches:
Dungeon (13/15)            Temple (0/1) D:7            Lair (0/6) D:8
    Orc (0/2) D:10
 Vaults: D:13-14

Altars:
Dithmenos
Hepliaklqana
Makhleb
Okawaru
Qazlal
Ru
Sif Muna
Wu Jian
Xom
Zin
The Shining One

Shops:
D:1 *   D:2 *   D:7 [   D:10 *


Innate Abilities, Weirdness & Mutations

You have a pair of horns on your head.
You are mostly covered in molten scales. (AC +3)
A weak demonic guardian rushes to your aid.
Your demonic aura sometimes causes spilled blood to erupt in flames.
Your magical and physical power is slightly enhanced at high health.


Message History

Aim: a centaur, wielding a +0 shortbow and quivering arrows (78% to hit)
You feel a surge of power!
You hear a mighty clap of thunder!
The bolt of lightning hits the white ugly thing!!
The white ugly thing is heavily wounded.
The bolt of lightning hits the centaur!!!
You kill the centaur!
Sif Muna accepts your kill.
The bolt of lightning hits the centaur!!
You kill the centaur!
Sif Muna accepts your kill.
The centaur shoots an arrow.
The arrow barely misses you.
Unknown command.
Casting: Lightning Bolt (dangerous; 4% risk of failure)
Confirm with . or Enter, or press ? or * to list all spells.
Aiming: Lightning Bolt (dangerous; 4% risk of failure)
Press: ? - help, Shift-Dir - straight line, f - centaur
Aim: a centaur, wielding a +0 shortbow and quivering arrows (78% to hit)
You feel a surge of power!
You hear a mighty clap of thunder!
The bolt of lightning hits the white ugly thing!!
The white ugly thing is almost dead.
The bolt of lightning hits the centaur.
The centaur is lightly wounded.
The white ugly thing misses you.
Unknown command.
Unknown command.
Casting: Lightning Bolt (dangerous; 4% risk of failure)
Confirm with . or Enter, or press ? or * to list all spells.
Aiming: Lightning Bolt (dangerous; 4% risk of failure)
Press: ? - help, Shift-Dir - straight line, f/p - centaur
Aim: a centaur, wielding a +0 shortbow and quivering arrows (lightly wounded, 78% to hit)
You feel a surge of power!
You hear a mighty clap of thunder!
The bolt of lightning misses the white ugly thing.
The bolt of lightning hits the centaur!!
You kill the centaur!
Sif Muna accepts your kill. The white ugly thing pecks you!
The white ugly thing freezes you!!
You die...

......................#.#.###
.......................####
..........^...........#.#
#............).........##
##.#.......c..).......##
###.........#......###
#.......cc#.)..##.#
#.#.##...c##u#.####
###.###.>.###@...# ### #####
######


You could see a white ugly thing.

Vanquished Creatures
  Harold (D:8)
  2 two-headed ogres
  A tengu warrior (D:13)
  An ugly thing (D:13)
  A cyclops (D:11)
  Joseph (D:7)
  5 kobold demonologists
  An efreet (D:13)
  A yaktaur (D:13)
  3 tengu conjurers (D:13)
  A troll (D:11)
  3 slime creatures (D:13)
  Sigmund (D:3)
  2 wraiths
  9 yaks
  2 shadows
  4 wyverns
  Eustachio (D:4)
  3 steam dragons
  A warg (D:10)
  7 vampire mosquitoes
  An acid dragon (D:10)
  2 water moccasins
  6 orc warriors
  2 black bears
  A necrophage (D:4)
  3 ogres
  5 centaurs
  7 kobold brigands
  A bullfrog (D:6)
  2 gnoll sergeants
  2 scorpions
  A water moccasin zombie (D:5)
  2 wyvern zombies (D:6)
  23 killer bees
  A vampire bat (D:3)
  2 howler monkeys (D:11)
  4 centaur zombies
  A bullfrog zombie (D:5)
  3 hounds (D:5)
  2 bullfrog skeletons
  7 orc priests
  Terence (D:2)
  Ijyb (D:3)
  3 gnoll shamans
  2 iguanas
  13 orc wizards
  2 hound skeletons
  A howler monkey skeleton (D:5)
  A howler monkey zombie (D:10)
  Robin (D:3)
  22 gnolls
  5 adders
  2 shadow imps
  An ufetubus (D:7)
  3 adder skeletons (D:4)
  3 worms
  3 dart slugs
  3 fire bats (D:3)
  32 orcs
  2 spectral bats (D:3)
  10 ball pythons
  A bat simulacrum (D:3)
  3 bat skeletons (D:3)
  A bat zombie (D:3)
  8 endoplasms
  3 giant cockroaches
  13 hobgoblins
  5 jackals
  7 quokkas
  15 bats
  6 frilled lizards
  17 goblins
  29 kobolds
  4 rats
352 creatures vanquished.

Vanquished Creatures (others)
  A yak (D:8)
1 creature vanquished.

Grand Total: 353 creatures vanquished

Notes
Turn   | Place    | Note
-------+----------+-------------------------------------------
     0 | D:1      | rogsnak the Demonspawn Air Elementalist began the quest for
                  | the Orb.
     0 | D:1      | Reached XP level 1. HP: 13/13 MP: 3/3
   553 | D:1      | Gained mutation: Your demonic aura sometimes causes spilled
                  | blood to erupt in flames. [demonic ancestry]
   553 | D:1      | Reached XP level 2. HP: 19/19 MP: 1/5
   917 | D:1      | Found Kuzizxot's General Store.
   936 | D:1      | Found a faded altar of an unknown god.
  1334 | D:2      | Found Figgebb's Assorted Antiques.
  1445 | D:2      | Reached XP level 3. HP: 24/24 MP: 2/7
  1643 | D:2      | Noticed Terence
  1922 | D:2      | Gained mutation: You have a pair of small horns on your
                  | head. [demonic ancestry]
  1922 | D:2      | Reached XP level 4. HP: 15/30 MP: 1/8
  2493 | D:2      | Killed Terence
  3032 | D:2      | Gained mutation: You are partially covered in molten
                  | scales. (AC +2) [demonic ancestry]
  3032 | D:2      | Reached XP level 5. HP: 35/35 MP: 2/10
  3418 | D:3      | Noticed Ijyb
  3424 | D:3      | Learned a level 3 spell: Swiftness
  3429 | D:3      | Learned a level 4 spell: Airstrike
  4208 | D:3      | Noticed Robin
  4226 | D:3      | Killed Robin
  4227 | D:3      | Reached XP level 6. HP: 42/42 MP: 11/11
  4345 | D:3      | Noticed Sigmund
  4807 | D:4      | Noticed Eustachio
  4918 | D:4      | Killed Eustachio
  4919 | D:4      | Gained mutation: You are mostly covered in molten scales.
                  | (AC +3) [demonic ancestry]
  4919 | D:4      | Reached XP level 7. HP: 47/47 MP: 6/13
  5473 | D:4      | Reached skill level 1 in Fighting
  5869 | D:4      | You fall into a shaft and drop 1 floor!
  5869 | D:5      | Entered Level 5 of the Dungeon
  5950 | D:4      | Found a stormy altar of Qazlal.
  6172 | D:4      | Identified the +1 scale mail of the Leaf {*Slow Dex+7}
  6594 | D:5      | Reached skill level 5 in Conjurations
  6678 | D:5      | Identified the +6 ring mail "Kacroamy" {SInv}
  6788 | D:5      | Identified the +1 robe "Kekhles" {rF+ SInv}
  7081 | D:5      | Reached XP level 8. HP: 48/54 MP: 15/15
  7217 | D:5      | Reached skill level 5 in Spellcasting
  7784 | D:5      | Reached skill level 5 in Air Magic
  8562 | D:6      | Found a shimmering altar of Xom.
  8575 | D:6      | Found a shimmering blue altar of Sif Muna.
  8580 | D:6      | Became a worshipper of Sif Muna the Loreminder
  9206 | D:6      | Gained mutation: Your magical and physical power is
                  | slightly enhanced at high health. [demonic ancestry]
  9206 | D:6      | Reached XP level 9. HP: 6/61 MP: 18/18
  9209 | D:6      | HP: 3/61 [poisoned by a killer bee]
  9999 | D:7      | Reached * piety under Sif Muna
 10341 | D:7      | Found Viorphiy's Antique Armour Emporium.
 10383 | D:7      | Learned a level 5 spell: Lightning Bolt
 10546 | D:7      | Found a staircase to the Ecumenical Temple.
 10547 | D:7      | Noticed Joseph
 10555 | D:7      | Killed Joseph
 11426 | D:3      | Killed Sigmund
 11525 | D:3      | Killed Ijyb
 11897 | D:8      | Reached ** piety under Sif Muna
 12027 | D:8      | Noticed Harold
 12034 | D:8      | Killed Harold
 12035 | D:8      | Gained mutation: A weak demonic guardian rushes to your
                  | aid. [demonic ancestry]
 12035 | D:8      | Reached XP level 10. HP: 68/68 MP: 7/22
 12053 | D:8      | Paralysed by an orc for 5 turns
 12231 | D:8      | Found a staircase to the Lair.
 13711 | D:9      | Reached skill level 10 in Spellcasting
 13811 | D:9      | Found an iron altar of Okawaru.
 13811 | D:9      | Found a faded altar of an unknown god.
 13818 | D:9      | Found an ornate altar of the Wu Jian Council.
 13820 | D:9      | Found a sacrificial altar of Ru.
 13821 | D:9      | Found a faded altar of an unknown god.
 13940 | D:9      | Reached XP level 11. HP: 60/75 MP: 22/25
 14335 | D:10     | Entered Level 10 of the Dungeon
 14599 | D:10     | Reached *** piety under Sif Muna
 15041 | D:10     | Found a staircase to the Orcish Mines.
 15186 | D:10     | Reached skill level 1 in Shields
 15595 | D:10     | Found a shadowy altar of Dithmenos.
 15752 | D:10     | Found Roadduasu's General Store.
 15782 | D:10     | Noticed a two-headed ogre
 15792 | D:10     | Killed a two-headed ogre
 16336 | D:2      | Bought a twisted battleaxe for 333 gold pieces
 16336 | D:2      | Identified the +4 battleaxe of Qem Hue {spect, Str+4} (You
                  | bought it in a shop on level 2 of the Dungeon)
 16580 | D:11     | Noticed a two-headed ogre
 16598 | D:11     | Killed a two-headed ogre
 17157 | D:11     | Reached **** piety under Sif Muna
 17322 | D:11     | Identified the +1 leather armour of Rotten Salvation {rPois
                  | rC++ Will+++ Int-4}
 17425 | D:11     | Reached skill level 10 in Air Magic
 17896 | D:12     | Found a sparkling altar of Nemelex Xobeh.
 17898 | D:12     | Found a hazy altar of Hepliaklqana.
 17898 | D:12     | Found a shimmering altar of Xom.
 17900 | D:12     | Found a hazy altar of Hepliaklqana.
 17900 | D:12     | Found a burning altar of Makhleb.
 17900 | D:12     | Found an iron altar of Okawaru.
 18526 | D:13     | Noticed a tengu warrior
 18554 | D:13     | Killed a tengu warrior
 18781 | D:13     | Noticed a yaktaur captain
 19034 | D:13     | Gained mutation: You have a pair of horns on your head.
                  | [demonic ancestry]
 19034 | D:13     | Reached XP level 12. HP: 81/81 MP: 27/27
 19208 | D:13     | Noticed a boulder beetle
 19257 | D:12     | Slain by a white ugly thing

Illustrated notes

Levels and vault maps discovered:
D:1:      dpeg_arrival_boxes_within_box, layout_rooms, serial_shops,
          nicolae_shop_crystal, dilly_ecumenical_altar_fadedgnrine
D:2:      minmay_alternating_diamond, layout_basic, serial_shops, shop,
          nrook_mini_backslash, minmay_split_cup_large, uniq_terence
D:3:      layout_basic, goddamned_bats, uniq_robin, uniq_sigmund, uniq_ijyb
D:4:      minmay_thinvault, layout_gridville,
          mainiacjoe_overflow_concentric_impassable, uniq_eustachio
D:5:      nicolae_cairo_tiling_large, layout_basic
D:6:      layout_cave_pods, mainiacjoe_overflow_surrounded_room,
          grunt_temple_overflow_open, minivault_1
D:7:      layout_basic, minmay_temple_entry_nine_rooms, serial_shops,
          nicolae_shop_hallway_plus, chequers_serial_rivers_marsh, uniq_joseph
D:8:      layout_rooms, lair_entry_dummy, uniq_harold
D:9:      layout_loops_ring, chequers_temple_overflow_minitemple,
          lemuel_crystal_altar
D:10:     layout_loops_ring, grunt_dithmenos_shadows, david_orc_3, serial_shops,
          nicolae_shop_hallway_plus
D:11:     layout_roguey
D:12:     layout_big_octagon, hex_tiny, doesnt_xom_only_xom
D:13:     layout_roguey, david_vaults_2, minmay_misc_feat_hallway,
          serial_bayou_pond_c

Skill      XL: |  1  2  3  4  5  6  7  8  9 10 11 12 |
---------------+-------------------------------------+-----
Air Magic      | 3 4 5 7 8 10 11 | 11.0
Conjurations   | 2 3 4 5 7 8 |  8.0
Spellcasting   | 3 4 6 8 10 11 | 11.7
Dodging        | 2 3 4 |  4.9
Fighting       | 1 2 3 |  3.4
Shields        | 1 |  1.8
Stealth        | |  1.7
Evocations     | |  0.5

Action                   |  1- 3 |  4- 6 |  7- 9 | 10-12 || total
-------------------------+-------+-------+-------+-------++-------
Melee: Unarmed           |    13 |       |       |       ||    13
       Short sword       |     9 |    41 |       |       ||    50
       Headbutt          |       |     2 |     7 |    28 ||    37
       Rapier            |       |       |    42 |       ||    42
       Halberd           |       |       |    29 |       ||    29
       Quarterstaff      |       |       |     6 |       ||     6
       Dagger            |       |       |    17 |   130 ||   147
 Cast: Shock             |    77 |   161 |   246 |   101 ||   585
       Airstrike         |       |       |    36 |    95 ||   131
       Lightning Bolt    |       |       |       |    28 ||    28
Evoke: Wand              |       |       |     6 |       ||     6
  Use: Potion            |       |       |     1 |       ||     1
 Stab: Sleeping          |       |       |     1 |       ||     1
       Distracted        |       |       |     1 |       ||     1
Armor: Robe              |     3 |    26 |    72 |    78 ||   179
       Skin              |       |    61 |       |       ||    61
Dodge: Dodged            |    21 |    86 |   129 |   154 ||   390
Block: Buckler           |       |       |     3 |    43 ||    46

Table legend: (Time is in decaauts)
 A = Elapsed time spent in this place.
 B = Non-inter-level travel time spent in this place.
 C = Inter-level travel time spent in this place.
 D = Time resting spent in this place.
 E = Time spent auto-exploring this place.
 F = Levels seen in this place.
 G = Mean time per level.
                   A        B        C        D        E       F      G
               +--------+--------+--------+--------+--------+-----+--------+
         Total |  19328 |  18491 |    837 |   5031 |   9935 |  13 | 1486.8 |
       Dungeon |  19328 |  18491 |    837 |   5031 |   9935 |  13 | 1486.8 |
               +--------+--------+--------+--------+--------+-----+--------+

Top non-repeatable levels by time:
     D:6: 2131 daAuts
     D:4: 2032 daAuts
     D:2: 1833 daAuts
    D:10: 1690 daAuts
     D:5: 1678 daAuts
     D:1: 1574 daAuts
     D:3: 1481 daAuts
     D:9: 1463 daAuts
     D:8: 1409 daAuts
     D:7: 1295 daAuts
    D:11: 1270 daAuts
    D:12: 992 daAuts
    D:13: 475 daAuts
